NYP
MINNESOTA (NYP) TWINS @ STATEN ISLAND YANKEES
08/10/2045
 
TOP OF THE 1ST
Minnesota (NYP) Twins batting - Pitching for Staten Island Yankees : RHP Aneirin Cadwallader
Pitching: RHP Aneirin Cadwallader
Batting: LHB Chris Munguia 0-0: Foul Ball, location: 2F
0-1: Foul Ball, location: 2F
0-2: Ball
1-2: Foul Ball, location: 2F
1-2: Strikes out looking
Batting: RHB Gustavo Pacheco 0-0: Foul Ball, location: 2F
0-1: Called Strike
0-2: Strikes out looking
Batting: SHB Ian Thompson 0-0: Hit by Pitch
Batting: RHB Graham Calvert 0-0: Ball
1-0: Fly out, F9 (Flyball, 8RS, EV 93.1 MPH)
Top of the 1st over - 0 runs, 0 hits, 0 errors, 1 left on base; Minnesota (NYP) 0 - Staten Island 0
BOTTOM OF THE 1ST
Staten Island Yankees batting - Pitching for Minnesota (NYP) Twins : LHP Josh Armstrong
Pitching: LHP Josh Armstrong
Batting: RHB Alex Colon 0-0: Foul Ball, location: 2F
0-1: DOUBLE (Groundball, 5L, EV 99.4 MPH)
Batting: RHB Christian Shearer 0-0: Foul Ball, location: 2F
0-1: Fly out, F8 (Flyball, 8LXD, EV 89.4 MPH)
Runner from 2nd tags up, SAFE at 3rd, no throw by CF
Batting: RHB Seth Rutz 0-0: Foul Ball, location: 2F
0-1: Swinging Strike
0-2: Ball
1-2: Ball
2-2: Foul Ball, location: 2F
2-2: Ball
3-2: Base on Balls
Batting: RHB Sam Hubbert 0-0: Called Strike
0-1: Grounds into double play, 4-6-3 (Groundball, 34, EV 109.4 MPH)
Bottom of the 1st over - 0 runs, 1 hit, 0 errors, 1 left on base; Minnesota (NYP) 0 - Staten Island 0
TOP OF THE 2ND
Minnesota (NYP) Twins batting - Pitching for Staten Island Yankees : RHP Aneirin Cadwallader
Batting: RHB Michael McDonald 0-0: Ball
1-0: Hit by Pitch
Batting: RHB Jose Nunez 0-0: Grounds into double play, 5-4-3 (Groundball, 15, EV 93.1 MPH)
Batting: RHB Chris Starcher 0-0: Called Strike
0-1: Foul Ball, location: 2F
0-2: Foul Ball, location: 2F
0-2: Foul Ball, location: 2F
0-2: Ball
1-2: Foul Ball, location: 2F
1-2: Ball
2-2: Ball
3-2: Foul Ball, location: 2F
3-2: Base on Balls
Batting: SHB Donell Burney 0-0: Called Strike
0-1: Ground out U3 (Groundball, 34, EV 88.1 MPH)
Top of the 2nd over - 0 runs, 0 hits, 0 errors, 1 left on base; Minnesota (NYP) 0 - Staten Island 0
BOTTOM OF THE 2ND
Staten Island Yankees batting - Pitching for Minnesota (NYP) Twins : LHP Josh Armstrong
Batting: RHB Dale Altman 0-0: Ball
1-0: Foul Ball, location: 2F
1-1: Ball
2-1: Swinging Strike
2-2: Strikes out swinging
Batting: RHB Phil Reeves 0-0: Ball
1-0: Ball
2-0: Foul Ball, location: 2F
2-1: Called Strike
2-2: Strikes out swinging
Batting: RHB Iften Olujimi 0-0: Foul Ball, location: 2F
0-1: Ground out 6-3 (Groundball, 6D, EV 85.6 MPH)
Bottom of the 2nd over - 0 runs, 0 hits, 0 errors, 0 left on base; Minnesota (NYP) 0 - Staten Island 0
TOP OF THE 3RD
Minnesota (NYP) Twins batting - Pitching for Staten Island Yankees : RHP Aneirin Cadwallader
Batting: RHB Alex Loaiza 0-0: Foul Ball, location: 2F
0-1: Swinging Strike
0-2: Strikes out looking
Batting: LHB Chris Munguia 0-0: Ball
1-0: Ball
2-0: Ball
3-0: Called Strike
3-1: Called Strike
3-2: Strikes out swinging
Batting: RHB Gustavo Pacheco 0-0: Called Strike
0-1: Foul Ball, location: 2F
0-2: Fly out, F4 (Popup, 34, EV 78.1 MPH)
Top of the 3rd over - 0 runs, 0 hits, 0 errors, 0 left on base; Minnesota (NYP) 0 - Staten Island 0
BOTTOM OF THE 3RD
Staten Island Yankees batting - Pitching for Minnesota (NYP) Twins : LHP Josh Armstrong
Batting: RHB John Sprenkel 0-0: Ball
1-0: Ground out 6-3 (Groundball, 56, EV 96.2 MPH)
Batting: LHB Antonio Molina 0-0: DOUBLE (Line Drive, 9LM, EV 104.4 MPH)
Batting: RHB Alex Colon 0-0: Ball
1-0: Swinging Strike
1-1: Swinging Strike
1-2: Foul Ball, location: 2F
1-2: Strikes out looking
Batting: RHB Christian Shearer 0-0: Ball
1-0: Ground out 5-3 (Groundball, 5, EV 86.9 MPH)
Bottom of the 3rd over - 0 runs, 1 hit, 0 errors, 1 left on base; Minnesota (NYP) 0 - Staten Island 0
TOP OF THE 4TH
Minnesota (NYP) Twins batting - Pitching for Staten Island Yankees : RHP Aneirin Cadwallader
Batting: SHB Ian Thompson 0-0: Ball
1-0: Called Strike
1-1: Foul Ball, location: 2F
1-2: Ball
2-2: Strikes out swinging
Batting: RHB Graham Calvert 0-0: Called Strike
0-1: SINGLE (Groundball, 6MD, EV 104.4 MPH)
Batting: RHB Michael McDonald 0-0: Called Strike
0-1: Foul Ball, location: 2F
0-2: Fly out, F3 (Popup, 23F, EV 81.9 MPH)
Batting: RHB Jose Nunez 0-0: Called Strike
0-1: Called Strike
0-2: Fly out, F9 (Flyball, 9D, EV 98.8 MPH)
Top of the 4th over - 0 runs, 1 hit, 0 errors, 1 left on base; Minnesota (NYP) 0 - Staten Island 0
BOTTOM OF THE 4TH
Staten Island Yankees batting - Pitching for Minnesota (NYP) Twins : LHP Josh Armstrong
Batting: RHB Seth Rutz 0-0: Called Strike
0-1: Ground out 6-3 (Groundball, 6, EV 96.2 MPH)
Batting: RHB Sam Hubbert 0-0: Called Strike
0-1: Ball
1-1: Fly out, F8 (Flyball, 89M, EV 88.8 MPH)
Batting: RHB Dale Altman 0-0: Ground out 5-3 (Groundball, 5, EV 102.5 MPH)
Bottom of the 4th over - 0 runs, 0 hits, 0 errors, 0 left on base; Minnesota (NYP) 0 - Staten Island 0
TOP OF THE 5TH
Minnesota (NYP) Twins batting - Pitching for Staten Island Yankees : RHP Aneirin Cadwallader
Batting: RHB Chris Starcher 0-0: Ball
1-0: Ball
2-0: Ball
3-0: Base on Balls
Batting: SHB Donell Burney 0-0: Called Strike
0-1: Ball
1-1: Grounds into double play, 6-4-3 (Groundball, 6, EV 76.2 MPH)
Batting: RHB Alex Loaiza 0-0: Called Strike
0-1: Ball
1-1: Swinging Strike
1-2: Strikes out looking
Top of the 5th over - 0 runs, 0 hits, 0 errors, 0 left on base; Minnesota (NYP) 0 - Staten Island 0
BOTTOM OF THE 5TH
Staten Island Yankees batting - Pitching for Minnesota (NYP) Twins : LHP Josh Armstrong
Batting: RHB Phil Reeves 0-0: Ball
1-0: Foul Ball, location: 2F
1-1: Called Strike
1-2: Strikes out swinging
Batting: RHB Iften Olujimi 0-0: Foul Ball, location: 2F
0-1: Ball
1-1: Ball
2-1: Called Strike
2-2: Fly out, F8 (Flyball, 8RS, EV 93.1 MPH)
Batting: RHB John Sprenkel 0-0: Called Strike
0-1: SINGLE (Flyball, 78S, EV 82.5 MPH)
Batting: LHB Antonio Molina 0-0: Ball
John Sprenkel is caught stealing 2nd base 2-6
Bottom of the 5th over - 0 runs, 1 hit, 0 errors, 0 left on base; Minnesota (NYP) 0 - Staten Island 0
TOP OF THE 6TH
Minnesota (NYP) Twins batting - Pitching for Staten Island Yankees : RHP Aneirin Cadwallader
Batting: LHB Chris Munguia 0-0: Called Strike
0-1: Ball
1-1: Foul Ball, location: 2F
1-2: Strikes out looking
Batting: RHB Gustavo Pacheco 0-0: Ball
1-0: Ball
2-0: Foul Ball, location: 2F
2-1: Ball
3-1: Hit by Pitch
Batting: SHB Ian Thompson 0-0: Called Strike
0-1: Ball
1-1: Ball
2-1: Ball
3-1: Base on Balls
Gustavo Pacheco to second
Batting: RHB Graham Calvert 0-0: Called Strike
Gustavo Pacheco steals 3rd base
0-1: Foul Ball, location: 2F
0-2: Ball
1-2: Strikes out swinging
Ian Thompson is caught stealing 2nd base 2-4
Batter strikes out.
Top of the 6th over - 0 runs, 0 hits, 0 errors, 1 left on base; Minnesota (NYP) 0 - Staten Island 0
BOTTOM OF THE 6TH
Staten Island Yankees batting - Pitching for Minnesota (NYP) Twins : LHP Josh Armstrong
Batting: LHB Antonio Molina 0-0: Foul Ball, location: 2F
0-1: Ground out 6-3 (Groundball, 6MD, EV 108.8 MPH)
Batting: RHB Alex Colon 0-0: Ball
1-0: Ground out 6-3 (Groundball, 56, EV 86.2 MPH)
Batting: RHB Christian Shearer 0-0: Ball
1-0: Ball
2-0: Ground out 5-3 (Groundball, 5, EV 85.6 MPH)
Bottom of the 6th over - 0 runs, 0 hits, 0 errors, 0 left on base; Minnesota (NYP) 0 - Staten Island 0
TOP OF THE 7TH
Minnesota (NYP) Twins batting - Pitching for Staten Island Yankees : RHP Aneirin Cadwallader
Batting: RHB Michael McDonald 0-0: Foul Ball, location: 2F
0-1: Ball
1-1: Foul Ball, location: 2F
1-2: Strikes out looking
Batting: RHB Jose Nunez 0-0: Swinging Strike
0-1: Ball
1-1: Swinging Strike
1-2: Foul Ball, location: 2F
1-2: SOLO HOME RUN (Line Drive, 78XD, EV 113.1 MPH), Distance : 438 ft
Batting: RHB Chris Starcher 0-0: DOUBLE (Line Drive, 9LM, EV 110.6 MPH)
Batting: SHB Donell Burney 0-0: Called Strike
0-1: Foul Ball, location: 2F
0-2: Ground out U3 (Groundball, 3, EV 79.4 MPH)
Chris Starcher to third
Pitching: LHP Ron Cooper
Batting: RHB Alex Loaiza 0-0: Ground out 5-3 (Groundball, 56S, EV 78.1 MPH)
Top of the 7th over - 1 run, 2 hits, 0 errors, 1 left on base; Minnesota (NYP) 1 - Staten Island 0
BOTTOM OF THE 7TH
Staten Island Yankees batting - Pitching for Minnesota (NYP) Twins : LHP Josh Armstrong
Batting: RHB Seth Rutz 0-0: Fly out, F3 (Line Drive, 3, EV 70.0 MPH)
Batting: RHB Sam Hubbert 0-0: SINGLE (Line Drive, 4MD, EV 105.0 MPH)
Batting: RHB Dale Altman Pickoff Throw to First - Out! 1-3
0-0: Swinging Strike
0-1: SINGLE (Flyball, 8LS, EV 86.2 MPH)
Batting: RHB Phil Reeves 0-0: SINGLE (Line Drive, 78M, EV 86.9 MPH)
Dale Altman to second
Batting: RHB Iften Olujimi 0-0: Ball
1-0: Called Strike
1-1: Ball
2-1: Called Strike
2-2: Foul Ball, location: 2F
2-2: Ball
3-2: Base on Balls
Dale Altman to third
Phil Reeves to second
Batting: RHB John Sprenkel 0-0: Ball
1-0: Called Strike
1-1: Foul Ball, location: 2F
1-2: Ball
2-2: Ball
3-2: Foul Ball, location: 2F
3-2: Ground out U3 (Groundball, 34, EV 85.6 MPH)
Bottom of the 7th over - 0 runs, 3 hits, 0 errors, 3 left on base; Minnesota (NYP) 1 - Staten Island 0
TOP OF THE 8TH
Minnesota (NYP) Twins batting - Pitching for Staten Island Yankees : LHP Ron Cooper
Batting: LHB Chris Munguia 0-0: Swinging Strike
0-1: Called Strike
0-2: Ball
1-2: SINGLE (Groundball, 34S, EV 64.4 MPH) (infield hit)
Batting: RHB Gustavo Pacheco 0-0: Swinging Strike
0-1: Ball
1-1: Swinging Strike
1-2: Strikes out looking
Batting: SHB Ian Thompson 0-0: Ball
1-0: Ball
2-0: Fly out, F9 (Flyball, 9, EV 89.4 MPH)
Batting: RHB Graham Calvert 0-0: Ball
Chris Munguia steals 2nd base
1-0: Foul Ball, location: 2F
1-1: Fly out, F9 (Flyball, 89D, EV 97.5 MPH)
Top of the 8th over - 0 runs, 1 hit, 0 errors, 1 left on base; Minnesota (NYP) 1 - Staten Island 0
BOTTOM OF THE 8TH
Staten Island Yankees batting - Pitching for Minnesota (NYP) Twins : LHP Josh Armstrong
Pitching: RHP Josh Halvorson
Batting: LHB Antonio Molina 0-0: Ground out 4-3 (Groundball, 4, EV 88.8 MPH)
Batting: RHB Alex Colon 0-0: Ball
1-0: Swinging Strike
1-1: Ball
2-1: Swinging Strike
2-2: SINGLE (Line Drive, 89S, EV 114.4 MPH)
Batting: RHB Christian Shearer 0-0: Ball
1-0: Foul Ball, location: 2F
1-1: Foul Ball, location: 2F
1-2: Foul Ball, location: 2F
1-2: Strikes out looking
Batting: RHB Seth Rutz 0-0: SINGLE (Flyball, 8RS, EV 99.4 MPH)
Alex Colon to second
Batting: RHB Sam Hubbert 0-0: SINGLE (Groundball, 6MD, EV 96.9 MPH)
Alex Colon to third
Seth Rutz to second
Batting: RHB Dale Altman 0-0: Fielders Choice at 2nd, 6-4 (Groundball, 6, EV 93.1 MPH)
Bottom of the 8th over - 0 runs, 3 hits, 0 errors, 3 left on base; Minnesota (NYP) 1 - Staten Island 0
TOP OF THE 9TH
Minnesota (NYP) Twins batting - Pitching for Staten Island Yankees : LHP Ron Cooper
Pitching: RHP Harry McCasland
Batting: RHB Michael McDonald 0-0: Ball
1-0: Ball
2-0: Called Strike
2-1: Ball
3-1: Called Strike
3-2: Fly out, F4 (Popup, 4D, EV 51.2 MPH)
Batting: RHB Jose Nunez 0-0: Called Strike
0-1: Foul Ball, location: 2F
0-2: Ball
1-2: Foul Ball, location: 2F
1-2: DOUBLE (Line Drive, 7LM, EV 95.6 MPH)
Batting: RHB Chris Starcher 0-0: Intentional Walk
Batting: SHB Donell Burney 0-0: Ball
1-0: Ball
2-0: Ball
3-0: Called Strike
3-1: SINGLE (Groundball, 6MD, EV 108.1 MPH)
Jose Nunez to third
Chris Starcher to second
Batting: RHB Alex Loaiza 0-0: Called Strike
0-1: Ball
1-1: Swinging Strike
1-2: Foul Ball, location: 2F
1-2: Hit by Pitch
Jose Nunez scores
Chris Starcher to third
Donell Burney to second
Pitching: LHP Spartak Polovnev
Batting: LHB Chris Munguia 0-0: Called Strike
0-1: Swinging Strike
0-2: Strikes out swinging
Batting: RHB Gustavo Pacheco 0-0: Foul Ball, location: 2F
0-1: Ball
1-1: Swinging Strike
1-2: Strikes out swinging
Top of the 9th over - 1 run, 2 hits, 0 errors, 3 left on base; Minnesota (NYP) 2 - Staten Island 0
BOTTOM OF THE 9TH
Staten Island Yankees batting - Pitching for Minnesota (NYP) Twins : RHP Josh Halvorson
Pitching: RHP Matt Lundy
Now at 1B: Kelly Watson
Batting: RHB Phil Reeves 0-0: Ground out 6-3 (Groundball, 6, EV 107.5 MPH)
Batting: RHB Iften Olujimi 0-0: Ball
1-0: Swinging Strike
1-1: Ball
2-1: Fly out, F9 (Flyball, 9S, EV 78.1 MPH)
Batting: RHB John Sprenkel 0-0: Called Strike
0-1: Ball
1-1: Called Strike
1-2: Strikes out looking
Bottom of the 9th over - 0 runs, 0 hits, 0 errors, 0 left on base; Minnesota (NYP) 2 - Staten Island 0
Wednesday, June 22nd , 2022 - OOTP Baseball 23.4 Build 64